[ AOE2 MATCH · #483186216 ]
UnrankedKhmer vs Hindustanis
[ REPLAY ANALYSIS · EXTRACTED FROM THE RECORDED GAME ]
Feudal
—
Castle
—
Imperial
—
| APM avg | 17.6 |
| APM peak | 45 |
| eAPM avg | 16.5 |
| Villagers / military | 174 / 3753 |
Focus
⚔️ 74.8% · 🌾 25.2%
Battle Elephant ×967 · Scorpion ×951 · Ballista Elephant ×846 · Scout Cavalry ×598 · Hand Cannoneer ×205 · Spearman ×185
Feudal
—
Castle
—
Imperial
—
| APM avg | 20.2 |
| APM peak | 63 |
| eAPM avg | 18.5 |
| Villagers / military | 281 / 3658 |
Focus
⚔️ 77.1% · 🌾 22.9%
Boyar ×2262 · Scorpion ×780 · Spearman ×163 · Battering Ram ×156 · Militia ×133 · Mangonel ×128
Feudal
—
Castle
—
Imperial
—
| APM avg | 23.6 |
| APM peak | 71 |
| eAPM avg | 22.6 |
| Villagers / military | 250 / 4119 |
Focus
⚔️ 71.2% · 🌾 28.8%
Camel Scout ×3312 · Hand Cannoneer ×445 · Mangonel ×227 · Trade Cart ×125 · Bombard Cannon ×105 · Scorpion ×20
Feudal
—
Castle
—
Imperial
—
| APM avg | 31.2 |
| APM peak | 317 |
| eAPM avg | 29.6 |
| Villagers / military | 211 / 5649 |
Focus
⚔️ 83.1% · 🌾 16.9%
Camel Scout ×1835 · Scout Cavalry ×1228 · Spearman ×1045 · Battering Ram ×397 · Cataphract ×341 · Knight ×209
Feudal
—
Castle
—
Imperial
—
| APM avg | 74.9 |
| APM peak | 405 |
| eAPM avg | 74.5 |
| Villagers / military | 447 / 2899 |
Focus
⚔️ 13.3% · 🌾 86.7%
Mangonel ×1238 · Spearman ×582 · Woad Raider ×532 · Battering Ram ×350 · Trade Cart ×141 · Militia ×128
Feudal
—
Castle
—
Imperial
—
| APM avg | 71.2 |
| APM peak | 170 |
| eAPM avg | 63.6 |
| Villagers / military | 372 / 4892 |
Focus
⚔️ 45.7% · 🌾 54.3%
Knight ×4434 · Spearman ×353 · Trade Cart ×174 · Battering Ram ×104 · Monk ×1
Feudal
—
Castle
—
Imperial
—
| APM avg | 30.9 |
| APM peak | 80 |
| eAPM avg | 28.0 |
| Villagers / military | 268 / 3380 |
Focus
⚔️ 55.5% · 🌾 44.5%
Centurion ×2035 · Scorpion ×1155 · Trade Cart ×100 · Battering Ram ×95 · Mangonel ×67 · Trebuchet (Packed) ×28
Feudal
—
Castle
—
Imperial
—
| APM avg | 29.4 |
| APM peak | 140 |
| eAPM avg | 23.8 |
| Villagers / military | 320 / 3454 |
Focus
⚔️ 64.6% · 🌾 35.4%
Battle Elephant ×1644 · Scout Cavalry ×848 · Rattan Archer ×356 · Knight ×226 · Bombard Cannon ×125 · Trade Cart ×89
Match map
Initial resources + every placement click. Lines = walls · curves = elevation contours. ◆ gold · ⬟ stone · ● berries · ✦ relic · ◌ wall gap
Your base· ✓ Map-separated
É uma cilada Bino's base· ✓ Map-separated
pie3yed's base· ✓ Map-separated
HazY HermiT's base· ✓ Map-separated
sassybaldsalmon's base· ✓ Map-separated
lala's base· ✓ Map-separated
teriu2389's base· ✓ Map-separated
JHAS's base· ✓ Map-separated
Smoothed initial terrain · ◌ = detected wall gap · hover for details
Inputs per minute
— IsaacNewton - - É uma cilada Bino
Build order — IsaacNewton
First 150 of 1092 actions detected
| 0:23 | Build | Town Center |
| 0:40 | Build | Market |
| 0:42 | Build | Market |
| 0:45 | Build | Market |
| 0:49 | Build | Market |
| 0:55 | Build | Lumber Camp |
| 1:00 | Create | Villager (Male) ×5 |
| 1:00 | Create | Villager (Male) ×5 |
| 1:00 | Create | Villager (Male) ×5 |
| 1:00 | Create | Villager (Male) ×5 |
| 1:13 | Build | Town Center |
| 1:18 | Build | Town Center |
| 1:33 | Build | Town Center |
| 1:49 | Build | House |
| 1:51 | Build | House |
| 1:53 | Build | House |
| 1:54 | Build | House |
| 1:55 | Build | House |
| 1:57 | Build | House |
| 1:58 | Build | House |
| 2:00 | Build | House |
| 2:02 | Build | House |
| 2:03 | Build | House |
| 2:07 | Build | House |
| 2:08 | Build | House |
| 2:09 | Build | House |
| 2:10 | Build | House |
| 2:12 | Build | House |
| 2:17 | Build | House |
| 2:18 | Build | House |
| 2:20 | Build | House |
| 2:23 | Build | House |
| 2:27 | Build | House |
| 2:29 | Build | House |
| 2:30 | Build | House |
| 2:37 | Build | Watch Tower |
| 2:40 | Create | Villager (Male) ×5 |
| 2:41 | Create | Villager (Male) ×5 |
| 2:41 | Create | Villager (Male) ×5 |
| 2:46 | Create | Villager (Male) ×5 |
| 2:46 | Create | Villager (Male) ×5 |
| 2:46 | Create | Villager (Male) ×5 |
| 2:46 | Create | Villager (Male) ×5 |
| 2:56 | Create | Villager (Male) ×5 |
| 2:56 | Create | Villager (Male) ×5 |
| 2:56 | Create | Villager (Male) ×5 |
| 3:03 | Create | Villager (Male) ×5 |
| 3:03 | Create | Villager (Male) ×5 |
| 3:03 | Create | Villager (Male) ×5 |
| 3:10 | Create | Villager (Male) ×5 |
| 3:20 | Build | Mining Camp |
| 3:25 | Build | Mining Camp |
| 3:28 | Build | Mining Camp |
| 3:36 | Build | Mining Camp |
| 3:39 | Build | Mining Camp |
| 4:10 | Build | Mining Camp |
| 4:15 | Create | Villager (Male) ×3 |
| 4:15 | Create | Villager (Male) ×3 |
| 4:32 | Build | Farm |
| 4:34 | Build | Farm |
| 4:36 | Build | Farm |
| 4:38 | Build | Farm |
| 4:39 | Build | Farm |
| 4:41 | Build | Farm |
| 5:17 | Create | Trade Cart ×5 |
| 5:18 | Create | Trade Cart ×5 |
| 5:18 | Create | Trade Cart ×5 |
| 5:18 | Create | Trade Cart ×5 |
| 5:19 | Create | Trade Cart ×5 |
| 5:19 | Create | Trade Cart ×5 |
| 5:27 | Create | Villager (Male) ×5 |
| 5:27 | Create | Villager (Male) ×5 |
| 5:30 | Create | Villager (Male) ×5 |
| 5:30 | Create | Villager (Male) ×5 |
| 5:32 | Create | Villager (Male) |
| 5:32 | Create | Villager (Male) ×2 |
| 5:32 | Create | Villager (Male) ×2 |
| 5:33 | Create | Villager (Male) |
| 5:34 | Create | Villager (Male) ×5 |
| 5:34 | Create | Villager (Male) ×5 |
| 5:36 | Create | Villager (Male) |
| 5:37 | Create | Villager (Male) ×5 |
| 5:39 | Create | Villager (Male) |
| 6:02 | Build | Stone Wall |
| 6:10 | Build | Stone Wall |
| 6:15 | Build | Stone Wall |
| 6:23 | Build | Gate |
| 6:26 | Build | Gate |
| 6:29 | Build | Gate |
| 6:34 | Build | Gate |
| 6:38 | Build | Gate |
| 6:41 | Build | Gate |
| 6:46 | Create | Villager (Male) ×3 |
| 6:47 | Create | Villager (Male) ×3 |
| 7:12 | Build | Castle |
| 7:14 | Build | Castle |
| 7:16 | Build | Castle |
| 7:18 | Build | Castle |
| 7:20 | Build | Castle |
| 7:25 | Build | Castle |
| 7:27 | Build | Castle |
| 7:29 | Build | Castle |
| 7:47 | Build | House |
| 7:49 | Build | House |
| 7:51 | Build | House |
| 7:52 | Build | House |
| 7:54 | Build | House |
| 7:55 | Build | House |
| 8:00 | Build | House |
| 8:00 | Build | House |
| 8:02 | Build | House |
| 8:03 | Build | House |
| 8:04 | Build | House |
| 8:06 | Build | House |
| 8:07 | Build | House |
| 8:09 | Build | House |
| 8:10 | Build | House |
| 8:11 | Build | House |
| 8:12 | Build | House |
| 8:12 | Build | House |
| 8:13 | Build | House |
| 8:50 | Build | Lumber Camp |
| 8:56 | Create | Villager (Male) ×5 |
| 8:56 | Create | Villager (Male) ×5 |
| 8:58 | Create | Villager (Male) ×5 |
| 8:58 | Create | Villager (Male) ×3 |
| 8:58 | Create | Villager (Male) |
| 9:10 | Build | Siege Workshop |
| 9:12 | Build | Siege Workshop |
| 9:15 | Build | Siege Workshop |
| 9:17 | Build | Siege Workshop |
| 9:19 | Build | Siege Workshop |
| 9:29 | Build | Siege Workshop |
| 9:32 | Build | Siege Workshop |
| 9:34 | Build | Siege Workshop |
| 9:38 | Build | Siege Workshop |
| 9:57 | Create | Villager (Male) ×5 |
| 9:57 | Create | Villager (Male) ×5 |
| 10:09 | Build | Farm |
| 10:13 | Build | Farm |
| 10:16 | Build | Farm |
| 10:19 | Build | Farm |
| 10:21 | Build | Farm |
| 10:23 | Build | Farm |
| 10:25 | Build | Farm |
| 10:30 | Build | Farm |
| 10:32 | Build | Farm |
| 10:34 | Build | Farm |
| 10:35 | Build | Farm |
| 10:38 | Build | Farm |
Build order — É uma cilada Bino
First 150 of 1040 actions detected
| 0:07 | Create | Villager (Male) ×5 |
| 0:08 | Create | Villager (Male) ×5 |
| 0:08 | Create | Villager (Male) ×5 |
| 0:08 | Create | Villager (Male) ×5 |
| 0:16 | Build | Town Center |
| 0:33 | Build | Town Center |
| 0:34 | Build | Town Center |
| 0:37 | Build | Town Center |
| 0:54 | Build | Town Center |
| 0:56 | Build | Town Center |
| 0:59 | Build | Town Center |
| 1:01 | Build | Town Center |
| 1:03 | Build | Town Center |
| 1:16 | Create | Villager (Male) ×5 |
| 1:17 | Create | Villager (Male) ×5 |
| 1:17 | Create | Villager (Male) ×5 |
| 1:48 | Create | Villager (Male) ×5 |
| 1:48 | Create | Villager (Male) ×5 |
| 1:48 | Create | Villager (Male) ×5 |
| 2:06 | Build | Town Center |
| 2:10 | Build | Town Center |
| 2:11 | Build | Town Center |
| 2:13 | Build | Town Center |
| 2:40 | Build | Town Center |
| 2:52 | Create | Villager (Male) ×5 |
| 2:52 | Create | Villager (Male) ×5 |
| 2:52 | Create | Villager (Male) ×5 |
| 2:52 | Create | Villager (Male) ×5 |
| 3:02 | Create | Villager (Male) ×4 |
| 3:03 | Create | Villager (Male) ×4 |
| 3:17 | Create | Villager (Male) ×5 |
| 3:17 | Create | Villager (Male) ×5 |
| 3:18 | Create | Villager (Male) ×5 |
| 3:34 | Build | Town Center |
| 3:41 | Create | Villager (Male) ×5 |
| 3:41 | Create | Villager (Male) ×5 |
| 3:42 | Create | Villager (Male) ×5 |
| 3:42 | Create | Villager (Male) ×5 |
| 3:52 | Create | Villager (Male) ×5 |
| 3:52 | Create | Villager (Male) ×5 |
| 3:52 | Create | Villager (Male) ×5 |
| 3:53 | Create | Villager (Male) ×5 |
| 4:15 | Build | Market |
| 4:18 | Build | Market |
| 4:21 | Build | Market |
| 4:26 | Build | Market |
| 4:29 | Build | Market |
| 4:32 | Build | Market |
| 4:37 | Build | Market |
| 4:39 | Build | Market |
| 4:49 | Create | Villager (Male) ×5 |
| 4:49 | Create | Villager (Male) ×5 |
| 4:50 | Create | Villager (Male) ×5 |
| 4:50 | Create | Villager (Male) ×5 |
| 4:50 | Create | Villager (Male) ×5 |
| 4:51 | Create | Villager (Male) ×5 |
| 4:51 | Create | Villager (Male) ×5 |
| 4:51 | Create | Villager (Male) ×5 |
| 4:52 | Create | Villager (Male) ×5 |
| 4:52 | Create | Villager (Male) ×5 |
| 4:53 | Create | Villager (Male) ×5 |
| 4:53 | Create | Villager (Male) ×5 |
| 4:53 | Create | Villager (Male) ×5 |
| 5:02 | Create | Villager (Male) ×5 |
| 5:02 | Create | Villager (Male) ×5 |
| 5:02 | Create | Villager (Male) ×5 |
| 5:03 | Create | Villager (Male) ×5 |
| 5:19 | Create | Villager (Male) |
| 5:20 | Create | Villager (Male) |
| 5:20 | Create | Villager (Male) |
| 5:27 | Create | Villager (Male) |
| 5:27 | Create | Villager (Male) |
| 5:53 | Build | Castle |
| 5:55 | Build | Castle |
| 5:57 | Build | Castle |
| 5:59 | Build | Castle |
| 6:04 | Build | Castle |
| 6:07 | Build | Castle |
| 6:09 | Build | Castle |
| 6:11 | Build | Castle |
| 6:27 | Build | House |
| 6:27 | Build | House |
| 6:28 | Build | House |
| 6:29 | Build | House |
| 6:29 | Build | House |
| 6:30 | Build | House |
| 6:31 | Build | House |
| 6:31 | Build | House |
| 6:31 | Build | House |
| 6:32 | Build | House |
| 6:32 | Build | House |
| 6:33 | Build | House |
| 6:33 | Build | House |
| 6:34 | Build | House |
| 7:04 | Build | Town Center |
| 7:27 | Build | Town Center |
| 7:36 | Build | Farm |
| 7:46 | Build | Farm |
| 7:55 | Build | Farm |
| 8:14 | Create | Villager (Male) ×5 |
| 8:14 | Create | Villager (Male) ×5 |
| 8:14 | Create | Villager (Male) ×5 |
| 8:15 | Create | Villager (Male) ×5 |
| 8:15 | Create | Villager (Male) ×5 |
| 8:15 | Create | Villager (Male) ×5 |
| 8:16 | Create | Villager (Male) ×5 |
| 8:34 | Create | Trade Cart ×5 |
| 8:34 | Create | Trade Cart ×5 |
| 8:34 | Create | Trade Cart ×5 |
| 8:35 | Create | Trade Cart ×5 |
| 8:35 | Create | Trade Cart ×5 |
| 8:35 | Create | Trade Cart ×5 |
| 8:36 | Create | Trade Cart ×5 |
| 8:36 | Create | Trade Cart ×5 |
| 8:37 | Create | Trade Cart ×5 |
| 8:37 | Create | Trade Cart ×5 |
| 8:37 | Create | Trade Cart ×5 |
| 8:38 | Create | Trade Cart ×5 |
| 8:38 | Create | Trade Cart ×5 |
| 8:41 | Create | Trade Cart ×5 |
| 8:41 | Create | Trade Cart ×5 |
| 8:42 | Create | Trade Cart ×5 |
| 8:42 | Create | Trade Cart ×5 |
| 8:43 | Create | Trade Cart ×5 |
| 8:43 | Create | Trade Cart ×5 |
| 8:43 | Create | Trade Cart ×5 |
| 8:44 | Create | Trade Cart ×5 |
| 9:05 | Build | Farm |
| 9:07 | Build | Farm |
| 9:21 | Build | Castle |
| 9:23 | Build | Castle |
| 9:28 | Build | Castle |
| 9:39 | Build | Farm |
| 9:42 | Build | Farm |
| 9:44 | Build | Farm |
| 9:46 | Build | Farm |
| 10:12 | Build | Farm |
| 10:27 | Build | Siege Workshop |
| 10:29 | Build | Siege Workshop |
| 10:32 | Build | Siege Workshop |
| 10:34 | Build | Siege Workshop |
| 10:36 | Build | Siege Workshop |
| 10:40 | Build | Siege Workshop |
| 10:40 | Build | Siege Workshop |
| 10:41 | Build | Siege Workshop |
| 10:42 | Build | Siege Workshop |
| 10:45 | Build | Siege Workshop |
| 11:03 | Build | Farm |
| 11:14 | Build | Siege Workshop |
| 11:15 | Build | Siege Workshop |
Build order — pie3yed
First 150 of 1218 actions detected
| 0:03 | Create | Villager (Male) ×5 |
| 0:03 | Create | Villager (Male) ×5 |
| 0:03 | Create | Villager (Male) ×5 |
| 0:04 | Create | Villager (Male) ×5 |
| 0:20 | Build | Town Center |
| 0:27 | Build | Town Center |
| 0:35 | Build | Town Center |
| 0:43 | Build | Town Center |
| 0:50 | Build | Town Center |
| 0:59 | Build | Town Center |
| 1:09 | Build | Town Center |
| 1:16 | Build | Town Center |
| 1:22 | Build | Town Center |
| 1:30 | Create | Villager (Male) ×5 |
| 1:30 | Create | Villager (Male) ×5 |
| 1:30 | Create | Villager (Male) ×5 |
| 1:31 | Create | Villager (Male) ×5 |
| 1:36 | Create | Villager (Male) ×5 |
| 1:36 | Create | Villager (Male) ×5 |
| 1:37 | Create | Villager (Male) ×5 |
| 1:41 | Create | Villager (Male) ×5 |
| 1:41 | Create | Villager (Male) ×5 |
| 1:42 | Create | Villager (Male) ×5 |
| 1:42 | Create | Villager (Male) ×5 |
| 1:58 | Build | Town Center |
| 2:13 | Build | Town Center |
| 2:18 | Create | Villager (Male) ×5 |
| 2:18 | Create | Villager (Male) ×5 |
| 2:19 | Create | Villager (Male) ×5 |
| 2:19 | Create | Villager (Male) ×5 |
| 2:37 | Build | Market |
| 2:40 | Build | Market |
| 2:42 | Build | Market |
| 2:44 | Build | Market |
| 2:59 | Create | Villager (Male) ×5 |
| 2:59 | Create | Villager (Male) ×5 |
| 3:13 | Create | Villager (Male) ×5 |
| 3:13 | Create | Villager (Male) ×5 |
| 3:13 | Create | Villager (Male) ×5 |
| 3:49 | Build | Castle |
| 3:52 | Build | Castle |
| 3:56 | Build | Castle |
| 4:11 | Build | House |
| 4:12 | Build | House |
| 4:13 | Build | House |
| 4:14 | Build | House |
| 4:15 | Build | House |
| 4:17 | Build | House |
| 4:18 | Build | House |
| 4:20 | Build | House |
| 4:22 | Build | House |
| 4:24 | Build | House |
| 4:25 | Build | House |
| 4:28 | Build | House |
| 4:30 | Build | House |
| 4:31 | Build | House |
| 4:32 | Build | House |
| 4:36 | Build | House |
| 4:36 | Build | House |
| 4:37 | Build | House |
| 4:38 | Build | House |
| 4:39 | Build | House |
| 4:39 | Build | House |
| 4:40 | Build | House |
| 4:40 | Build | House |
| 4:41 | Build | House |
| 4:41 | Build | House |
| 4:42 | Build | House |
| 4:42 | Build | House |
| 4:43 | Build | House |
| 4:44 | Build | House |
| 4:44 | Build | House |
| 4:45 | Build | House |
| 4:46 | Build | House |
| 4:49 | Build | House |
| 4:50 | Build | House |
| 4:51 | Build | House |
| 4:52 | Build | House |
| 4:53 | Build | House |
| 4:53 | Build | House |
| 4:54 | Build | House |
| 4:55 | Build | House |
| 4:55 | Build | House |
| 4:56 | Build | House |
| 4:56 | Build | House |
| 4:57 | Build | House |
| 5:10 | Create | Villager (Male) ×5 |
| 5:10 | Create | Villager (Male) ×5 |
| 5:10 | Create | Villager (Male) ×5 |
| 5:11 | Create | Villager (Male) ×5 |
| 5:11 | Create | Villager (Male) ×5 |
| 5:11 | Create | Villager (Male) ×5 |
| 5:18 | Build | Farm |
| 5:19 | Build | Farm |
| 5:20 | Build | Farm |
| 5:21 | Build | Farm |
| 5:23 | Build | Farm |
| 5:24 | Build | Farm |
| 5:25 | Build | Farm |
| 5:27 | Build | Farm |
| 5:28 | Build | Farm |
| 5:30 | Build | Farm |
| 5:31 | Build | Farm |
| 5:32 | Build | Farm |
| 5:34 | Build | Farm |
| 5:35 | Build | Farm |
| 5:38 | Build | Farm |
| 5:40 | Build | Farm |
| 5:41 | Build | Farm |
| 5:43 | Build | Farm |
| 5:45 | Build | Farm |
| 5:46 | Build | Farm |
| 5:49 | Build | Farm |
| 5:51 | Build | Farm |
| 5:52 | Build | Farm |
| 5:53 | Build | Farm |
| 5:54 | Build | Farm |
| 5:58 | Build | Farm |
| 5:59 | Build | Farm |
| 6:02 | Build | Farm |
| 6:03 | Build | Farm |
| 6:06 | Build | Farm |
| 6:18 | Build | Lumber Camp |
| 6:28 | Create | Villager (Male) ×5 |
| 6:32 | Build | Farm |
| 6:34 | Build | Farm |
| 6:36 | Build | Farm |
| 6:56 | Create | Villager (Male) ×5 |
| 6:56 | Create | Villager (Male) ×5 |
| 7:20 | Build | Stone Wall |
| 7:41 | Build | Stone Wall |
| 7:45 | Build | Gate |
| 7:47 | Build | Gate |
| 7:48 | Build | Gate |
| 7:52 | Build | Gate |
| 7:56 | Build | Gate |
| 7:58 | Build | Gate |
| 8:20 | Create | Villager (Male) ×5 |
| 8:20 | Create | Villager (Male) ×5 |
| 8:21 | Create | Villager (Male) ×5 |
| 8:38 | Build | Farm |
| 8:57 | Create | Trade Cart ×5 |
| 8:57 | Create | Trade Cart ×5 |
| 8:57 | Create | Trade Cart ×5 |
| 8:57 | Create | Trade Cart ×5 |
| 8:58 | Create | Trade Cart ×5 |
| 8:58 | Create | Trade Cart ×5 |
| 8:58 | Create | Trade Cart ×5 |
| 8:59 | Create | Trade Cart ×5 |
| 8:59 | Create | Trade Cart ×5 |
Build order — HazY HermiT
First 150 of 1171 actions detected
| 0:08 | Build | Town Center |
| 0:14 | Build | Town Center |
| 0:21 | Build | Town Center |
| 0:22 | Create | Villager (Male) |
| 0:23 | Create | Villager (Male) |
| 0:23 | Create | Villager (Male) |
| 0:23 | Create | Villager (Male) |
| 0:24 | Create | Villager (Male) |
| 0:24 | Create | Villager (Male) |
| 0:25 | Create | Villager (Male) |
| 0:25 | Create | Villager (Male) |
| 0:25 | Create | Villager (Male) |
| 0:26 | Create | Villager (Male) |
| 0:26 | Create | Villager (Male) |
| 0:53 | Create | Villager (Male) |
| 0:54 | Create | Villager (Male) |
| 0:54 | Create | Villager (Male) |
| 0:55 | Create | Villager (Male) |
| 0:55 | Create | Villager (Male) |
| 0:55 | Create | Villager (Male) |
| 1:15 | Build | Stone Wall |
| 1:20 | Build | Stone Wall |
| 1:26 | Build | Stone Wall |
| 1:40 | Build | Siege Workshop |
| 1:43 | Build | Siege Workshop |
| 1:45 | Build | Siege Workshop |
| 1:49 | Build | Stable |
| 1:52 | Build | Stable |
| 1:54 | Build | Stable |
| 1:58 | Build | Stable |
| 2:01 | Create | Villager (Male) ×15 |
| 2:01 | Create | Villager (Male) |
| 2:02 | Create | Villager (Male) ×15 |
| 2:02 | Create | Villager (Male) |
| 2:06 | Create | Villager (Male) ×15 |
| 2:27 | Build | Gate |
| 2:30 | Build | Gate |
| 2:33 | Build | Gate |
| 2:37 | Build | Gate |
| 2:41 | Build | Gate |
| 2:46 | Build | Gate |
| 3:04 | Create | Villager (Male) |
| 3:04 | Create | Villager (Male) |
| 3:29 | Build | Castle |
| 3:33 | Build | Castle |
| 3:35 | Build | Castle |
| 3:38 | Build | Castle |
| 3:41 | Build | Castle |
| 3:44 | Build | Castle |
| 3:47 | Create | Villager (Male) ×14 |
| 3:47 | Create | Villager (Male) |
| 3:54 | Build | Barracks |
| 3:58 | Build | Barracks |
| 4:00 | Build | Barracks |
| 4:02 | Build | Barracks |
| 4:07 | Build | Archery Range |
| 4:09 | Build | Archery Range |
| 4:12 | Build | Archery Range |
| 4:15 | Build | Archery Range |
| 4:18 | Build | Archery Range |
| 4:21 | Build | Archery Range |
| 4:28 | Create | Mangonel |
| 4:29 | Create | Mangonel |
| 4:29 | Create | Mangonel |
| 4:29 | Create | Mangonel |
| 4:30 | Create | Mangonel |
| 4:30 | Create | Mangonel |
| 4:31 | Create | Mangonel |
| 4:31 | Create | Mangonel |
| 4:31 | Create | Mangonel |
| 4:43 | Build | House |
| 4:46 | Build | House |
| 4:48 | Build | House |
| 4:56 | Build | House |
| 4:58 | Build | House |
| 5:01 | Build | House |
| 5:13 | Build | Outpost |
| 5:18 | Build | Outpost |
| 5:36 | Create | Mangonel |
| 5:36 | Create | Mangonel |
| 5:37 | Create | Mangonel |
| 5:46 | Create | Villager (Male) |
| 5:47 | Create | Villager (Male) |
| 5:52 | Build | Farm |
| 5:52 | Build | Farm |
| 7:15 | Build | Siege Workshop |
| 7:17 | Build | Siege Workshop |
| 7:19 | Build | Siege Workshop |
| 7:21 | Build | Siege Workshop |
| 7:31 | Build | House |
| 7:33 | Build | House |
| 7:35 | Build | House |
| 7:38 | Build | House |
| 7:41 | Build | House |
| 7:45 | Build | House |
| 7:49 | Build | House |
| 7:52 | Build | House |
| 7:57 | Build | House |
| 7:59 | Build | House |
| 8:01 | Build | House |
| 8:07 | Build | House |
| 8:09 | Build | House |
| 8:20 | Build | Town Center |
| 8:26 | Build | Town Center |
| 8:46 | Build | Stone Wall |
| 8:48 | Build | Stone Wall |
| 8:56 | Build | Gate |
| 9:00 | Build | Gate |
| 9:11 | Create | Villager (Male) |
| 9:11 | Create | Villager (Male) |
| 9:11 | Create | Villager (Male) |
| 9:11 | Create | Villager (Male) |
| 9:11 | Create | Villager (Male) |
| 9:24 | Build | Town Center |
| 9:34 | Build | Town Center |
| 9:40 | Build | Town Center |
| 9:43 | Create | Villager (Male) |
| 9:44 | Create | Villager (Male) |
| 9:44 | Create | Villager (Male) |
| 9:47 | Create | Villager (Male) ×15 |
| 9:47 | Create | Villager (Male) |
| 10:12 | Build | Gate |
| 10:18 | Build | Stone Wall |
| 10:59 | Build | Farm |
| 11:00 | Build | Farm |
| 11:00 | Build | Farm |
| 11:05 | Build | Farm |
| 11:05 | Build | Farm |
| 11:06 | Build | Farm |
| 11:06 | Build | Farm |
| 11:19 | Create | Villager (Male) |
| 11:19 | Create | Villager (Male) |
| 11:19 | Create | Villager (Male) |
| 11:19 | Create | Villager (Male) |
| 11:19 | Create | Villager (Male) |
| 11:19 | Create | Villager (Male) |
| 11:19 | Create | Villager (Male) |
| 11:19 | Create | Villager (Male) |
| 11:19 | Create | Villager (Male) |
| 11:19 | Create | Villager (Male) |
| 11:19 | Create | Villager (Male) |
| 11:19 | Create | Villager (Male) |
| 11:19 | Create | Villager (Male) |
| 11:19 | Create | Villager (Male) |
| 11:19 | Create | Villager (Male) |
| 11:19 | Create | Villager (Male) |
| 11:20 | Create | Villager (Male) |
| 11:20 | Create | Villager (Male) |
| 11:20 | Create | Villager (Male) |
| 11:20 | Create | Villager (Male) |
Build order — sassybaldsalmon
First 150 of 2418 actions detected
| 0:03 | Create | Villager (Male) ×15 |
| 0:03 | Create | Villager (Male) |
| 0:10 | Build | Town Center |
| 0:14 | Build | Town Center |
| 0:16 | Build | Town Center |
| 0:20 | Build | Town Center |
| 0:24 | Build | Town Center |
| 0:29 | Build | Town Center |
| 0:34 | Build | Town Center |
| 0:39 | Build | Town Center |
| 0:41 | Build | Town Center |
| 0:43 | Build | Town Center |
| 0:45 | Build | Town Center |
| 0:48 | Build | Town Center |
| 0:53 | Build | Town Center |
| 0:58 | Build | Town Center |
| 1:00 | Create | Villager (Male) ×15 |
| 1:00 | Create | Villager (Male) |
| 1:01 | Create | Villager (Male) ×15 |
| 1:01 | Create | Villager (Male) |
| 1:02 | Create | Villager (Male) |
| 1:11 | Build | Market |
| 1:17 | Create | Villager (Male) ×15 |
| 1:17 | Create | Villager (Male) |
| 1:24 | Build | House |
| 1:25 | Build | House |
| 1:29 | Build | House |
| 1:31 | Build | House |
| 1:33 | Build | House |
| 1:35 | Build | House |
| 1:37 | Build | House |
| 1:40 | Build | House |
| 1:42 | Build | House |
| 1:45 | Build | House |
| 1:47 | Build | House |
| 1:54 | Build | House |
| 1:56 | Build | House |
| 1:59 | Build | House |
| 2:01 | Build | House |
| 2:03 | Build | House |
| 2:04 | Build | House |
| 2:08 | Build | House |
| 2:11 | Build | House |
| 2:14 | Build | House |
| 2:19 | Create | Villager (Male) |
| 2:20 | Create | Villager (Male) ×15 |
| 2:20 | Create | Villager (Male) |
| 2:21 | Create | Villager (Male) ×15 |
| 2:22 | Create | Villager (Male) |
| 2:27 | Build | Lumber Camp |
| 2:32 | Create | Villager (Male) ×15 |
| 2:32 | Create | Villager (Male) |
| 2:33 | Create | Villager (Male) ×15 |
| 2:33 | Create | Villager (Male) |
| 2:34 | Create | Villager (Male) ×8 |
| 2:34 | Create | Villager (Male) |
| 2:46 | Create | Villager (Male) ×5 |
| 2:46 | Create | Villager (Male) |
| 3:01 | Create | Villager (Male) ×15 |
| 3:01 | Create | Villager (Male) |
| 3:02 | Create | Villager (Male) ×2 |
| 3:02 | Create | Villager (Male) |
| 3:38 | Create | Villager (Male) ×15 |
| 3:38 | Create | Villager (Male) |
| 3:38 | Create | Villager (Male) ×15 |
| 3:39 | Create | Villager (Male) |
| 3:39 | Create | Villager (Male) ×12 |
| 3:40 | Create | Villager (Male) |
| 3:56 | Build | House |
| 4:04 | Build | House |
| 4:09 | Build | House |
| 4:11 | Build | House |
| 4:13 | Build | House |
| 4:15 | Build | House |
| 4:20 | Build | House |
| 4:22 | Build | House |
| 4:34 | Create | Villager (Male) ×15 |
| 4:34 | Create | Villager (Male) |
| 4:43 | Build | Lumber Camp |
| 5:27 | Create | Villager (Male) |
| 5:28 | Create | Villager (Male) ×15 |
| 5:28 | Create | Villager (Male) |
| 5:36 | Build | Market |
| 5:44 | Build | Market |
| 5:47 | Build | Market |
| 5:54 | Build | Market |
| 5:58 | Build | Market |
| 6:04 | Build | Market |
| 6:07 | Build | Market |
| 6:14 | Build | Market |
| 6:17 | Build | Market |
| 6:21 | Build | Market |
| 6:55 | Create | Trade Cart ×15 |
| 6:56 | Create | Trade Cart |
| 6:56 | Create | Trade Cart ×15 |
| 6:57 | Create | Trade Cart |
| 6:57 | Create | Trade Cart ×15 |
| 6:58 | Create | Trade Cart |
| 6:58 | Create | Trade Cart ×12 |
| 6:59 | Create | Trade Cart |
| 7:18 | Build | Lumber Camp |
| 7:38 | Build | Castle |
| 7:41 | Build | Castle |
| 7:52 | Build | Lumber Camp |
| 8:33 | Build | Stone Wall |
| 8:45 | Build | Gate |
| 8:58 | Build | House |
| 9:03 | Build | House |
| 9:06 | Build | House |
| 9:09 | Build | House |
| 9:16 | Build | Siege Workshop |
| 9:28 | Build | Siege Workshop |
| 9:32 | Build | Siege Workshop |
| 9:35 | Build | Siege Workshop |
| 9:43 | Build | Lumber Camp |
| 10:18 | Build | Siege Workshop |
| 10:25 | Build | Siege Workshop |
| 10:28 | Build | Siege Workshop |
| 10:31 | Build | Siege Workshop |
| 10:35 | Build | Siege Workshop |
| 10:37 | Build | Siege Workshop |
| 10:46 | Build | Castle |
| 10:52 | Build | Castle |
| 11:34 | Build | House |
| 11:37 | Build | House |
| 11:39 | Build | House |
| 11:41 | Build | House |
| 11:45 | Create | Villager (Male) |
| 11:45 | Create | Villager (Male) ×15 |
| 11:46 | Create | Villager (Male) |
| 11:58 | Create | Trade Cart ×15 |
| 11:58 | Create | Trade Cart |
| 11:59 | Create | Trade Cart ×15 |
| 11:59 | Create | Trade Cart |
| 12:00 | Create | Trade Cart ×15 |
| 12:00 | Create | Trade Cart |
| 12:34 | Build | Lumber Camp |
| 12:45 | Build | Lumber Camp |
| 13:04 | Build | Lumber Camp |
| 13:23 | Build | House |
| 13:24 | Build | House |
| 13:24 | Build | House |
| 13:26 | Build | House |
| 13:26 | Build | House |
| 13:26 | Build | House |
| 13:27 | Build | House |
| 13:27 | Build | House |
| 13:27 | Build | House |
| 13:28 | Build | House |
| 13:28 | Build | House |
Build order — lala
First 150 of 2409 actions detected
| 0:05 | Create | Villager (Male) |
| 0:05 | Create | Villager (Male) |
| 0:05 | Create | Villager (Male) |
| 0:06 | Create | Villager (Male) |
| 0:11 | Build | Market |
| 0:13 | Build | Market |
| 0:19 | Build | Market |
| 0:21 | Build | Market |
| 0:21 | Build | Market |
| 0:22 | Build | Market |
| 0:22 | Build | Market |
| 0:22 | Build | Market |
| 0:23 | Build | Market |
| 0:23 | Build | Market |
| 0:23 | Build | Market |
| 0:23 | Build | Market |
| 0:24 | Build | Market |
| 0:24 | Build | Market |
| 0:24 | Build | Market |
| 0:24 | Build | Market |
| 0:25 | Build | Market |
| 0:25 | Build | Market |
| 0:28 | Build | Market |
| 0:28 | Build | Market |
| 0:28 | Build | Market |
| 0:28 | Build | Market |
| 0:29 | Build | Market |
| 0:29 | Build | Market |
| 0:29 | Build | Market |
| 0:29 | Build | Market |
| 0:30 | Build | Market |
| 0:30 | Build | Market |
| 0:37 | Build | Town Center |
| 0:40 | Build | Town Center |
| 0:44 | Build | Town Center |
| 0:47 | Build | Town Center |
| 0:54 | Build | Town Center |
| 1:02 | Build | House |
| 1:03 | Build | House |
| 1:04 | Build | House |
| 1:06 | Build | House |
| 1:08 | Build | House |
| 1:10 | Build | House |
| 1:11 | Build | House |
| 1:15 | Build | Monastery |
| 1:18 | Create | Villager (Male) |
| 1:18 | Create | Villager (Male) |
| 1:18 | Create | Villager (Male) |
| 1:19 | Create | Villager (Male) |
| 1:19 | Create | Villager (Male) |
| 1:19 | Create | Villager (Male) |
| 1:20 | Create | Villager (Male) |
| 1:20 | Create | Villager (Male) |
| 1:20 | Create | Villager (Male) |
| 1:20 | Create | Villager (Male) |
| 1:21 | Create | Villager (Male) |
| 1:21 | Create | Villager (Male) |
| 1:46 | Create | Villager (Male) |
| 1:46 | Create | Villager (Male) |
| 1:55 | Build | House |
| 1:56 | Build | House |
| 1:57 | Build | House |
| 1:58 | Build | House |
| 2:00 | Build | House |
| 2:03 | Build | House |
| 2:08 | Create | Monk |
| 2:14 | Build | Town Center |
| 2:15 | Build | Town Center |
| 2:15 | Build | Town Center |
| 2:15 | Build | Town Center |
| 2:16 | Build | Town Center |
| 2:16 | Build | Town Center |
| 2:16 | Build | Town Center |
| 2:16 | Build | Town Center |
| 2:17 | Build | Town Center |
| 2:17 | Build | Town Center |
| 2:17 | Build | Town Center |
| 2:19 | Build | Town Center |
| 2:19 | Build | Town Center |
| 2:19 | Build | Town Center |
| 2:19 | Build | Town Center |
| 2:23 | Build | Town Center |
| 2:24 | Build | Town Center |
| 2:24 | Build | Town Center |
| 2:24 | Build | Town Center |
| 2:24 | Build | Town Center |
| 2:25 | Build | Town Center |
| 2:25 | Build | Town Center |
| 2:25 | Build | Town Center |
| 2:25 | Build | Town Center |
| 2:26 | Build | Town Center |
| 2:26 | Build | Town Center |
| 2:27 | Build | Town Center |
| 2:29 | Create | Villager (Male) |
| 2:29 | Create | Villager (Male) |
| 2:30 | Create | Villager (Male) |
| 2:39 | Build | Town Center |
| 2:46 | Build | Town Center |
| 2:48 | Create | Villager (Male) |
| 2:49 | Create | Villager (Male) |
| 2:49 | Create | Villager (Male) |
| 2:49 | Create | Villager (Male) |
| 3:03 | Build | Town Center |
| 3:08 | Create | Villager (Male) ×5 |
| 3:08 | Create | Villager (Male) ×5 |
| 3:09 | Create | Villager (Male) ×5 |
| 3:09 | Create | Villager (Male) ×5 |
| 3:09 | Create | Villager (Male) ×5 |
| 3:09 | Create | Villager (Male) ×5 |
| 3:10 | Create | Villager (Male) ×5 |
| 3:10 | Create | Villager (Male) ×5 |
| 3:10 | Create | Villager (Male) ×5 |
| 3:15 | Build | Mining Camp |
| 3:19 | Build | House |
| 3:21 | Build | House |
| 3:22 | Build | House |
| 3:24 | Build | House |
| 3:26 | Build | House |
| 3:27 | Build | House |
| 3:30 | Build | House |
| 3:31 | Build | House |
| 3:32 | Build | House |
| 3:34 | Build | House |
| 3:36 | Build | House |
| 3:38 | Create | Villager (Male) |
| 3:39 | Create | Villager (Male) |
| 3:57 | Build | Stone Wall |
| 4:01 | Create | Villager (Male) |
| 4:01 | Create | Villager (Male) |
| 4:01 | Create | Villager (Male) |
| 4:06 | Create | Villager (Male) ×5 |
| 4:06 | Create | Villager (Male) ×5 |
| 4:06 | Create | Villager (Male) ×5 |
| 4:07 | Create | Villager (Male) ×5 |
| 4:07 | Create | Villager (Male) ×5 |
| 4:07 | Create | Villager (Male) ×5 |
| 4:07 | Create | Villager (Male) ×5 |
| 4:19 | Build | Lumber Camp |
| 4:22 | Build | Lumber Camp |
| 4:29 | Build | Mining Camp |
| 4:32 | Create | Villager (Male) |
| 4:32 | Create | Villager (Male) |
| 4:33 | Create | Villager (Male) |
| 4:33 | Create | Villager (Male) |
| 4:34 | Create | Villager (Male) |
| 4:34 | Create | Villager (Male) |
| 4:36 | Create | Villager (Male) |
| 4:37 | Create | Villager (Male) |
| 4:37 | Create | Villager (Male) |
| 4:37 | Create | Villager (Male) |
Build order — teriu2389
First 150 of 1132 actions detected
| 0:06 | Build | House |
| 0:06 | Build | House |
| 0:06 | Build | House |
| 0:07 | Build | House |
| 0:07 | Build | House |
| 0:07 | Build | House |
| 0:07 | Build | House |
| 0:08 | Build | House |
| 0:08 | Build | House |
| 0:09 | Build | House |
| 0:11 | Create | Villager (Male) ×5 |
| 0:11 | Create | Villager (Male) ×5 |
| 0:18 | Build | Town Center |
| 0:18 | Build | Town Center |
| 0:19 | Build | Town Center |
| 0:19 | Build | Town Center |
| 0:19 | Build | Town Center |
| 0:20 | Build | Town Center |
| 0:20 | Build | Town Center |
| 0:45 | Build | Market |
| 0:45 | Build | Market |
| 0:45 | Build | Market |
| 0:45 | Build | Market |
| 0:45 | Build | Market |
| 0:45 | Build | Market |
| 0:45 | Build | Market |
| 0:45 | Build | Market |
| 0:45 | Build | Market |
| 0:45 | Build | Market |
| 0:45 | Build | Market |
| 0:45 | Build | Market |
| 0:46 | Build | Market |
| 0:48 | Build | Market |
| 0:49 | Build | Market |
| 0:49 | Build | Market |
| 0:49 | Build | Market |
| 0:50 | Build | Market |
| 1:00 | Create | Villager (Male) ×5 |
| 1:00 | Create | Villager (Male) ×5 |
| 1:01 | Create | Villager (Male) ×5 |
| 1:01 | Create | Villager (Male) ×5 |
| 1:06 | Build | House |
| 1:07 | Build | House |
| 1:07 | Build | House |
| 1:07 | Build | House |
| 1:08 | Build | House |
| 1:08 | Build | House |
| 1:08 | Build | House |
| 1:08 | Build | House |
| 1:09 | Build | House |
| 1:09 | Build | House |
| 1:09 | Build | House |
| 1:10 | Build | House |
| 1:10 | Build | House |
| 1:10 | Build | House |
| 1:11 | Build | House |
| 1:11 | Build | House |
| 1:11 | Build | House |
| 1:11 | Build | House |
| 1:12 | Build | House |
| 1:12 | Build | House |
| 1:12 | Build | House |
| 1:13 | Build | House |
| 1:13 | Build | House |
| 1:13 | Build | House |
| 1:14 | Build | House |
| 1:14 | Build | House |
| 1:14 | Build | House |
| 1:14 | Build | House |
| 1:15 | Build | House |
| 1:15 | Build | House |
| 1:26 | Create | Villager (Male) ×5 |
| 1:27 | Create | Villager (Male) ×5 |
| 1:27 | Create | Villager (Male) ×5 |
| 1:36 | Build | Town Center |
| 1:37 | Build | Town Center |
| 1:37 | Build | Town Center |
| 1:37 | Build | Town Center |
| 1:38 | Build | Town Center |
| 1:38 | Build | Town Center |
| 1:38 | Build | Town Center |
| 1:39 | Build | Town Center |
| 1:42 | Build | Town Center |
| 1:42 | Build | Town Center |
| 1:44 | Build | Town Center |
| 1:51 | Create | Villager (Male) ×5 |
| 1:51 | Create | Villager (Male) ×5 |
| 1:52 | Create | Villager (Male) ×5 |
| 1:52 | Create | Villager (Male) ×5 |
| 1:52 | Create | Villager (Male) ×5 |
| 2:07 | Build | Siege Workshop |
| 2:13 | Create | Villager (Male) ×5 |
| 2:13 | Create | Villager (Male) ×5 |
| 2:13 | Create | Villager (Male) ×5 |
| 2:36 | Build | House |
| 2:37 | Build | House |
| 2:37 | Build | House |
| 2:37 | Build | House |
| 2:38 | Build | House |
| 2:38 | Build | House |
| 2:41 | Build | House |
| 2:41 | Build | House |
| 2:42 | Build | House |
| 2:43 | Build | House |
| 2:43 | Build | House |
| 2:43 | Build | House |
| 2:44 | Build | House |
| 2:44 | Build | House |
| 2:44 | Build | House |
| 2:44 | Build | House |
| 2:45 | Build | House |
| 2:45 | Build | House |
| 2:45 | Build | House |
| 2:46 | Build | House |
| 2:46 | Build | House |
| 2:59 | Create | Villager (Male) ×5 |
| 2:59 | Create | Villager (Male) ×5 |
| 2:59 | Create | Villager (Male) ×5 |
| 3:00 | Create | Villager (Male) ×5 |
| 3:00 | Create | Villager (Male) ×5 |
| 3:08 | Create | Trade Cart ×5 |
| 3:08 | Create | Trade Cart ×5 |
| 3:09 | Create | Trade Cart ×5 |
| 3:09 | Create | Trade Cart ×5 |
| 3:29 | Create | Villager (Male) ×5 |
| 3:29 | Create | Villager (Male) ×5 |
| 3:35 | Create | Villager (Male) ×5 |
| 3:36 | Create | Villager (Male) ×5 |
| 3:36 | Create | Villager (Male) ×5 |
| 3:36 | Create | Villager (Male) ×5 |
| 3:36 | Create | Villager (Male) ×5 |
| 3:49 | Create | Mangonel |
| 3:49 | Create | Mangonel |
| 4:08 | Build | Market |
| 4:09 | Build | Market |
| 4:09 | Build | Market |
| 4:09 | Build | Market |
| 4:09 | Build | Market |
| 4:10 | Build | Market |
| 4:10 | Build | Market |
| 4:21 | Create | Villager (Male) ×5 |
| 4:22 | Create | Villager (Male) ×5 |
| 4:22 | Create | Villager (Male) ×5 |
| 4:22 | Create | Villager (Male) ×5 |
| 4:32 | Create | Villager (Male) ×5 |
| 4:33 | Create | Villager (Male) ×5 |
| 4:33 | Create | Villager (Male) ×5 |
| 4:33 | Create | Villager (Male) ×5 |
| 4:33 | Create | Villager (Male) ×5 |
| 4:34 | Create | Villager (Male) ×5 |
Build order — JHAS
First 150 of 1410 actions detected
| 0:08 | Build | House |
| 0:09 | Build | House |
| 0:11 | Build | House |
| 0:18 | Build | Town Center |
| 0:24 | Build | Town Center |
| 0:29 | Build | Town Center |
| 0:30 | Create | Villager (Male) ×5 |
| 0:30 | Create | Villager (Male) ×5 |
| 0:31 | Create | Villager (Male) ×5 |
| 0:31 | Create | Villager (Male) ×5 |
| 0:39 | Build | Market |
| 0:46 | Build | House |
| 0:47 | Build | House |
| 0:48 | Build | House |
| 0:49 | Build | House |
| 0:56 | Create | Villager (Male) ×5 |
| 0:57 | Create | Villager (Male) ×5 |
| 0:57 | Create | Villager (Male) ×5 |
| 0:57 | Create | Villager (Male) ×5 |
| 1:02 | Build | Town Center |
| 1:14 | Build | House |
| 1:14 | Build | House |
| 1:14 | Build | House |
| 1:15 | Build | House |
| 1:16 | Build | House |
| 1:16 | Build | House |
| 1:16 | Build | House |
| 1:17 | Build | House |
| 1:17 | Build | House |
| 1:18 | Build | House |
| 1:18 | Build | House |
| 1:26 | Create | Villager (Male) ×5 |
| 1:27 | Create | Villager (Male) ×5 |
| 1:27 | Create | Villager (Male) ×5 |
| 1:27 | Create | Villager (Male) ×5 |
| 1:28 | Create | Villager (Male) ×3 |
| 1:35 | Build | Town Center |
| 1:41 | Create | Villager (Male) ×5 |
| 1:42 | Create | Villager (Male) ×5 |
| 1:43 | Create | Villager (Male) ×5 |
| 1:45 | Create | Villager (Male) ×5 |
| 1:45 | Create | Villager (Male) ×5 |
| 1:46 | Create | Villager (Male) ×5 |
| 1:53 | Build | Town Center |
| 2:01 | Build | Town Center |
| 2:11 | Build | House |
| 2:13 | Build | House |
| 2:14 | Build | House |
| 2:22 | Create | Villager (Male) ×5 |
| 2:22 | Create | Villager (Male) ×3 |
| 2:23 | Create | Villager (Male) ×3 |
| 2:39 | Build | Farm |
| 2:39 | Build | Farm |
| 2:40 | Build | Farm |
| 2:40 | Build | Farm |
| 2:40 | Build | Farm |
| 2:41 | Build | Farm |
| 2:41 | Build | Farm |
| 2:41 | Build | Farm |
| 2:42 | Build | Farm |
| 2:42 | Build | Farm |
| 2:42 | Build | Farm |
| 2:43 | Build | Farm |
| 2:43 | Build | Farm |
| 2:43 | Build | Farm |
| 2:44 | Build | Farm |
| 2:45 | Build | Farm |
| 2:46 | Build | Farm |
| 2:46 | Build | Farm |
| 2:46 | Build | Farm |
| 2:47 | Build | Farm |
| 2:47 | Build | Farm |
| 2:47 | Build | Farm |
| 2:48 | Build | Farm |
| 2:48 | Build | Farm |
| 2:48 | Build | Farm |
| 2:49 | Build | Farm |
| 2:49 | Build | Farm |
| 2:49 | Build | Farm |
| 2:50 | Build | Farm |
| 2:50 | Build | Farm |
| 2:50 | Build | Farm |
| 2:51 | Build | Farm |
| 2:51 | Build | Farm |
| 2:52 | Build | Farm |
| 2:52 | Build | Farm |
| 2:52 | Build | Farm |
| 2:53 | Build | Farm |
| 2:53 | Build | Farm |
| 2:54 | Build | Farm |
| 2:55 | Build | Farm |
| 2:58 | Build | Farm |
| 3:06 | Create | Villager (Male) ×5 |
| 3:15 | Build | Town Center |
| 3:18 | Create | Villager (Male) ×5 |
| 3:18 | Create | Villager (Male) ×5 |
| 3:19 | Create | Villager (Male) ×5 |
| 3:19 | Create | Villager (Male) ×5 |
| 3:27 | Build | House |
| 3:27 | Build | House |
| 3:28 | Build | House |
| 3:29 | Build | House |
| 3:29 | Build | House |
| 3:29 | Build | House |
| 3:30 | Build | House |
| 3:33 | Build | House |
| 3:35 | Build | House |
| 3:35 | Build | House |
| 3:35 | Build | House |
| 3:36 | Build | House |
| 3:36 | Build | House |
| 3:37 | Build | House |
| 3:49 | Build | Lumber Camp |
| 4:12 | Build | Market |
| 4:20 | Build | Market |
| 4:22 | Build | Market |
| 4:24 | Build | Market |
| 4:26 | Build | Market |
| 4:36 | Build | Market |
| 4:38 | Build | Market |
| 4:45 | Create | Villager (Male) |
| 4:46 | Create | Villager (Male) ×5 |
| 4:47 | Create | Villager (Male) ×5 |
| 4:47 | Create | Villager (Male) ×4 |
| 4:53 | Create | Villager (Male) ×5 |
| 4:54 | Create | Villager (Male) ×5 |
| 4:55 | Create | Villager (Male) ×5 |
| 4:55 | Create | Villager (Male) ×5 |
| 4:57 | Create | Villager (Male) ×5 |
| 4:57 | Create | Villager (Male) ×5 |
| 4:58 | Create | Villager (Male) ×5 |
| 4:58 | Create | Villager (Male) ×5 |
| 5:14 | Create | Trade Cart ×5 |
| 5:14 | Create | Trade Cart ×5 |
| 5:15 | Create | Trade Cart ×5 |
| 5:15 | Create | Trade Cart ×5 |
| 5:15 | Create | Trade Cart ×5 |
| 5:16 | Create | Trade Cart ×5 |
| 5:16 | Create | Trade Cart ×5 |
| 5:23 | Create | Villager (Male) |
| 5:27 | Create | Villager (Male) |
| 5:28 | Create | Villager (Male) |
| 5:29 | Create | Villager (Male) |
| 5:47 | Build | Town Center |
| 5:51 | Build | House |
| 5:51 | Build | House |
| 5:51 | Build | House |
| 5:52 | Build | House |
| 5:53 | Build | House |
| 5:53 | Build | House |
Match timeline
| 1:15 | HazY HermiT · wall_segment Stone Wall x48 |
| 1:15 | lala · first_building Monastery |
| 1:20 | HazY HermiT · wall_segment Stone Wall x12 |
| 1:26 | HazY HermiT · wall_segment Stone Wall x33 |
| 1:40 | HazY HermiT · first_building Siege Workshop |
| 1:49 | HazY HermiT · first_building Stable |
| 2:07 | teriu2389 · first_building Siege Workshop |
| 3:29 | HazY HermiT · first_building Castle |
| 3:49 | pie3yed · first_building Castle |
| 3:54 | HazY HermiT · first_building Barracks |
| 3:57 | lala · wall_segment Stone Wall x62 |
| 4:07 | HazY HermiT · first_building Archery Range |
| 4:40 | lala · first_market_sell 500 wood |
| 5:53 | É uma cilada Bino · first_building Castle |
| 6:02 | IsaacNewton · wall_segment Stone Wall x28 |
| 6:10 | IsaacNewton · wall_segment Stone Wall x33 |
| 6:15 | IsaacNewton · wall_segment Stone Wall x12 |
| 6:16 | JHAS · first_building Castle |
| 7:12 | IsaacNewton · first_building Castle |
| 7:20 | pie3yed · wall_segment Stone Wall x32 |
| 7:38 | sassybaldsalmon · first_building Castle |
| 7:41 | pie3yed · wall_segment Stone Wall x41 |
| 7:57 | JHAS · wall_segment Stone Wall x41 |
| 8:33 | sassybaldsalmon · wall_segment Stone Wall x33 |
| 8:46 | HazY HermiT · wall_segment Stone Wall x24 |
| 8:48 | HazY HermiT · wall_segment Stone Wall x17 |
| 9:10 | IsaacNewton · first_building Siege Workshop |
| 9:12 | lala · wall_segment Stone Wall x60 |
| 9:16 | sassybaldsalmon · first_building Siege Workshop |
| 9:19 | lala · wall_segment Stone Wall x15 |
| 10:17 | teriu2389 · wall_segment Stone Wall x33 |
| 10:18 | HazY HermiT · wall_segment Stone Wall x4 |
| 10:27 | É uma cilada Bino · first_building Siege Workshop |
| 11:04 | JHAS · wall_segment Stone Wall x99 |
| 11:24 | lala · wall_segment Stone Wall x51 |
| 11:41 | teriu2389 · wall_segment Stone Wall x15 |
| 11:55 | IsaacNewton · first_building Stable |
| 12:18 | HazY HermiT · wall_segment Stone Wall x26 |
| 12:22 | HazY HermiT · wall_segment Stone Wall x9 |
| 12:27 | HazY HermiT · wall_segment Stone Wall x26 |
| 12:28 | JHAS · wall_segment Stone Wall x37 |
| 13:04 | JHAS · wall_segment Stone Wall x16 |
| 15:08 | teriu2389 · wall_segment Stone Wall x11 |
| 15:52 | pie3yed · wall_segment Stone Wall x69 |
| 15:56 | teriu2389 · first_building Castle |
| 16:02 | HazY HermiT · first_market_buy 500 stone |
| 16:09 | pie3yed · first_building Stable |
| 16:10 | lala · wall_segment Stone Wall x17 |
| 16:16 | lala · wall_segment Stone Wall x9 |
| 16:25 | IsaacNewton · wall_segment Stone Wall x13 |
| 16:31 | IsaacNewton · wall_segment Stone Wall x6 |
| 16:48 | pie3yed · first_building Archery Range |
| 17:07 | lala · first_building Stable |
| 17:14 | sassybaldsalmon · first_building Monastery |
| 17:18 | JHAS · first_building Stable |
| 17:24 | pie3yed · wall_segment Stone Wall x20 |
| 17:31 | JHAS · first_building Siege Workshop |
| 17:48 | IsaacNewton · first_building Monastery |
| 17:52 | JHAS · wall_segment Stone Wall x36 |
| 18:27 | IsaacNewton · first_building Barracks |
| 18:47 | lala · first_building Barracks |
| 19:20 | JHAS · wall_segment Stone Wall x48 |
| 19:22 | pie3yed · first_building Siege Workshop |
| 19:30 | JHAS · first_building Monastery |
| 19:39 | HazY HermiT · first_market_sell 500 wood |
| 20:10 | teriu2389 · wall_segment Stone Wall x30 |
| 20:48 | teriu2389 · first_market_buy 500 stone |
| 21:16 | JHAS · wall_segment Stone Wall x16 |
| 21:40 | lala · wall_segment Stone Wall x35 |
| 22:07 | É uma cilada Bino · first_market_buy 100 stone |
| 22:09 | JHAS · first_building Barracks |
| 22:39 | pie3yed · wall_segment Stone Wall x5 |
| 22:53 | JHAS · first_market_buy 500 stone |
| 23:52 | lala · first_market_buy 500 stone |
| 24:08 | lala · first_building Castle |
| 24:38 | JHAS · wall_segment Stone Wall x39 |
| 25:13 | lala · first_building Siege Workshop |
| 26:01 | JHAS · wall_segment Stone Wall x34 |
| 26:52 | pie3yed · wall_segment Stone Wall x11 |
| 27:51 | sassybaldsalmon · first_building Barracks |
| 38:19 | IsaacNewton · first_building Archery Range |
| 38:20 | JHAS · wall_segment Stone Wall x15 |
| 39:51 | JHAS · wall_segment Stone Wall x1 |
| 45:55 | JHAS · wall_segment Stone Wall x6 |
| 48:36 | JHAS · wall_segment Stone Wall x1 |
| 49:51 | teriu2389 · wall_segment Stone Wall x11 |
| 50:56 | IsaacNewton · wall_segment Stone Wall x20 |
| 53:01 | JHAS · wall_segment Stone Wall x24 |
| 59:02 | JHAS · wall_segment Stone Wall x1 |
| 61:44 | sassybaldsalmon · first_market_buy 100 wood |
| 63:48 | JHAS · wall_segment Stone Wall x3 |
| 64:20 | teriu2389 · wall_segment Stone Wall x15 |
| 65:18 | JHAS · wall_segment Stone Wall x1 |
| 65:51 | pie3yed · tribute_sent a jugador 1 |
| 65:51 | pie3yed · tribute_sent a jugador 2 |
| 65:51 | pie3yed · tribute_sent a jugador 4 |
| 65:51 | pie3yed · tribute_sent a jugador 5 |
| 65:51 | pie3yed · tribute_sent a jugador 6 |
| 65:51 | pie3yed · tribute_sent a jugador 7 |
| 65:51 | pie3yed · tribute_sent a jugador 8 |
| 65:57 | JHAS · wall_segment Stone Wall x16 |
| 66:04 | JHAS · wall_segment Stone Wall x4 |
| 66:32 | JHAS · wall_segment Stone Wall x17 |
| 69:09 | JHAS · wall_segment Stone Wall x7 |
| 71:17 | JHAS · wall_segment Stone Wall x1 |
| 71:47 | JHAS · wall_segment Stone Wall x4 |
| 71:50 | pie3yed · wall_segment Stone Wall x21 |
| 71:57 | pie3yed · wall_segment Stone Wall x40 |
| 74:09 | JHAS · wall_segment Stone Wall x7 |
| 74:18 | JHAS · first_market_sell 500 food |
| 75:33 | JHAS · wall_segment Stone Wall x24 |
| 76:15 | JHAS · wall_segment Stone Wall x3 |
| 76:18 | JHAS · wall_segment Stone Wall x1 |
| 77:31 | JHAS · wall_segment Stone Wall x5 |
| 78:53 | JHAS · wall_segment Stone Wall x1 |
| 79:21 | JHAS · wall_segment Stone Wall x12 |
| 81:56 | JHAS · wall_segment Stone Wall x12 |
| 82:01 | JHAS · wall_segment Stone Wall x18 |
| 82:51 | É uma cilada Bino · first_building Barracks |
| 84:19 | JHAS · wall_segment Stone Wall x2 |
| 85:29 | JHAS · wall_segment Stone Wall x6 |
| 85:40 | JHAS · wall_segment Stone Wall x28 |
| 85:43 | pie3yed · first_market_sell 500 stone |
| 85:45 | pie3yed · first_market_buy 500 wood |
| 86:33 | JHAS · wall_segment Stone Wall x10 |
| 87:08 | teriu2389 · wall_segment Stone Wall x12 |
| 89:00 | JHAS · wall_segment Stone Wall x1 |
| 89:08 | JHAS · wall_segment Stone Wall x19 |
| 92:50 | JHAS · wall_segment Stone Wall x4 |
| 92:52 | JHAS · wall_segment Stone Wall x1 |
| 93:41 | É uma cilada Bino · resign |
[ AI ANALYSIS · 1 CREDIT ]
What really happened in this match?
Wolo.gg analyzes every decision: build order, eco, micro, common mistakes by bracket. Personalized analysis on WhatsApp or Discord in 30 seconds.
Civ guide
Khmer
Map guide
Michi
Perfil
Jugador #4124521